AoeStats
← Chaac1706

Arabia

508781544Analyzed
1v1 RM · 9d ago on Sep 24, 2026· 47m 15s· 2 players
Game mode
Random Map
Map size
Tiny (2 player)
Population
200
Speed
Normal
Resources
Standard
Victory
Conquest
Starting age
Dark Age
Ending age
Imperial Age
RankedLock teamsTeams togetherTeam positionsShared explorationLock speedFull tech treeHidden civsTurbo modeCheats
Victory
Defeat
🇨🇴 Muisca · Colombia
1171
+17
🇲🇽 Britons · Mexico
1186
-17
Chaac1706
5:53 Loom
9:48 Feudal Age
12:40 Double-Bit Axe
12:36 Horse Collar
23:24 Castle Age
21:23 Champi Runner
22:33 Scale Mail Armor
22:43 Fletching
24:12 Wheelbarrow
23:54 Champi Warrior
25:27 Town Watch
26:00 Squires
29:38 Hand Cart
33:31 Bodkin Arrow
35:41 Chain Mail Armor
37:19 Forging
41:58 Imperial Age
41:46 Iron Casting
41:37 Town Patrol
41:53 Herbalism
42:10 Elite Champi Warrior
43:38 Plate Mail Armor
46:48 Conscription
[SENSEI] ELPASTORE
7:18 Loom
9:44 Feudal Age
13:44 Fletching
14:00 Double-Bit Axe
15:43 Padded Archer Armor
17:12 Horse Collar
22:20 Castle Age
21:38 Gold Mining
22:41 Crossbowman
23:50 Light Cavalry
24:30 Husbandry
25:36 Bodkin Arrow
34:06 Town Watch
37:25 Ballistics
44:42 Imperial Age
44:57 Cranequins
45:50 Arbalester
Connection lost

Rejoining the realm…

Still unreachable

The connection could not be restored.

Session expired

The server has moved on; the page needs a fresh start.